 Dungeon Crawl Stone Soup version 0.31-a0-198-g2ad674f65e (webtiles) character file.

Game seed: 16396461953329765535

212 qw the Skirmisher (level 5, -3/26 HPs)
             Began as a Deep Elf Hunter on June 25, 2023.
             Succumbed to a scorpion's poison
             ... on level 3 of the Dungeon.
             The game lasted 00:00:55 (2581 turns).

qw the Skirmisher (Deep Elf Hunter)                 Turns: 2581, Time: 00:00:55

Health: -3/26      AC:  5    Str: 10    XL:     5   Next: 58%
Magic:  7/7        EV: 11    Int: 14    God:
Gold:   109        SH:  0    Dex: 24    Spells: 4/4 levels left

rFire   x . .        Y - +0 shortbow
rCold   . . .        (shield currently unavailable)
rNeg    . . .        d - +0 ring mail
rPois   .            (helmet restricted)
rElec   .            (no cloak)
rCorr   .            (no gloves)
SInv    .            (no boots)
Will    .....        (no amulet)
Stlth   ++           e - +6 ring of dexterity
HPRegen 0.24/turn    (no ring)
MPRegen 0.10/turn

%: no passive effects
@: lethally poisoned (-3 -> -22), about to teleport
A: antennae 1, frail 1, heat vulnerability 1
a: no special abilities


You were on level 3 of the Dungeon.
You visited 1 branch of the dungeon, and saw 4 of its levels.

You collected 109 gold pieces.


Innate Abilities, Weirdness & Mutations

You have a pair of small antennae on your head.
You are frail. (-10% HP)
You are vulnerable to heat. (rF-)


   Skills:
 - Level 1.5 Fighting
 - Level 9.1 Ranged Weapons
 + Level 2.6 Dodging
 - Level 1.2 Stealth


You had 4 spell levels left.
You didn't know any spells.
Your spell library was empty.

Inventory:

Hand Weapons
 Y - a +0 shortbow (weapon)
Armour
 d - a +0 ring mail (worn)
Jewellery
 e - a +6 ring of dexterity (left hand)
Scrolls
 a - a scroll of identify
Potions
 b - 2 potions of enlightenment
 g - a potion of cancellation
 h - a potion of curing {unknown}

Dungeon Overview and Level Annotations

Branches:
Dungeon (4/15)
 Temple: D:4-7

Altars:
Gozag


Message History

The scorpion closely misses you.
You shoot an arrow.
The arrow hits the scorpion but does no damage.
The scorpion is moderately wounded.
The orc hits you with a +0 hand axe.
The scorpion stings you but does no damage.
2575 ||| STAIRDANCE The scorpion stings you but does no damage.
The orc misses you.
You climb upwards.
There is a stone staircase leading down here.
Enter note:
Enter note:
Enter note:
Enter note:
Enter note:
Enter note: You shoot an arrow.
The arrow hits the scorpion.
The scorpion is moderately wounded.
The scorpion closely misses you. The orc hits you with a +0 hand axe.
The scorpion stings you!
You shoot an arrow. The arrow hits the scorpion.
The scorpion is heavily wounded.
The orc hits you with a +0 hand axe. The scorpion stings you.
You are lethally poisoned!
The scorpion poisons you!
You shoot an arrow.
The arrow hits the scorpion but does no damage.
The scorpion is heavily wounded.
You feel very sick. The orc barely misses you. The scorpion barely misses you.
The orc barely misses you.
You shoot an arrow. The arrow barely misses the scorpion.
You feel sick. The scorpion barely misses you. The scorpion stings you.
You are more poisoned.
The scorpion poisons you! The orc hits you but does no damage.
2581 ||| READING scroll of teleportation.
As you read the scroll of teleportation, it crumbles to dust.
You feel strangely unstable.
You die...

..##.##)..#####...####.#######.##
#.#...#...# ##.## #...........
...###....######.#############.##
..#...#.#.............# #.#
..##.##.########.####.### #.#
...###..# #.# #...# #.# .......##
#.# #...# #.# ....#### #o# #...#
#.## ..### #@# ##.## #.## ..# #s#
#.# #.#. ..# #.# #.# #...
..##############.# #.# ###.
.................# #.# ##
#.#####.########## #.# # #)# #.#
#.# #.# #.##############.#
#.#####.##.............#


You could see a scorpion and an orc.

Vanquished Creatures
  A water moccasin (D:3)
  3 adders (D:2)
  2 worms (D:2)
  2 dart slugs (D:1)
  6 ball pythons
  6 bats
  3 endoplasms
  5 giant cockroaches
  8 goblins
  6 hobgoblins
  11 kobolds
  3 quokkas (D:2)
  5 frilled lizards
  6 rats
67 creatures vanquished.

Notes
Turn   | Place    | Note
-------+----------+-------------------------------------------
     0 | D:1      | qw the Deep Elf Hunter began the quest for the Orb.
     0 | D:1      | Reached XP level 1. HP: 12/12 MP: 3/3
     0 | D:1      | 0 ||| qw: Version: 0.3-a-22-g0ed2b0b
     0 | D:1      | 0 ||| qw: Game counter: 5349
     0 | D:1      | 0 ||| qw: Melee chars always use a shield: true
     0 | D:1      | 0 ||| qw: God list: Okawaru
     0 | D:1      | 0 ||| qw: Allow faded altars: false
     0 | D:1      | 0 ||| qw: Do Orc after clearing Dungeon:15 true
     0 | D:1      | 0 ||| qw: Do second Lair branch before Depths: true
     0 | D:1      | 0 ||| qw: Lair rune preference: random
     0 | D:1      | 0 ||| qw: Goals: Normal
     0 | D:1      | 0 ||| PLANNING D:1-11
    56 | D:1      | Reached XP level 2. HP: 16/16 MP: 4/4
    68 | D:1      | Reached skill level 6 in Ranged Weapons
   243 | D:1      | 243 ||| FLEEEEING.
   244 | D:1      | 244 ||| FLEEEEING.
   421 | D:1      | Found a faded altar of an unknown god.
   498 | D:1      | Reached XP level 3. HP: 20/20 MP: 5/5
   924 | D:1      | 924 ||| READING 2 scrolls labelled ITAPLE GECVEUD.
   925 | D:1      | 925 ||| READING 4 scrolls labelled RIESHR QUDGHE.
   926 | D:1      | 926 ||| READING 3 scrolls labelled DEDOUPNUTA.
   927 | D:1      | 927 ||| READING scroll labelled YFOTAA EGUMP.
   928 | D:1      | 928 ||| DRINKING 2 sedimented grey potions.
   928 | D:1      | Gained mutation: Potions are less effective at restoring
                  | your health. [potion of mutation]
   928 | D:1      | Gained mutation: You have sharp toenails. [potion of
                  | mutation]
   928 | D:1      | Gained mutation: You are frail. (-10% HP) [potion of
                  | mutation]
   928 | D:1      | Gained mutation: You are partially covered in large bone
                  | plates. (SH +4) [potion of mutation]
   929 | D:1      | 929 ||| DRINKING potion of mutation.
   929 | D:1      | Lost mutation: You are partially covered in large bone
                  | plates. (SH +4) [potion of mutation]
   929 | D:1      | Lost mutation: Potions are less effective at restoring your
                  | health. [potion of mutation]
   929 | D:1      | Lost mutation: You have sharp toenails. [potion of
                  | mutation]
   929 | D:1      | Gained mutation: You are vulnerable to heat. (rF-) [potion
                  | of mutation]
   929 | D:1      | Gained mutation: You have a pair of small antennae on your
                  | head. [potion of mutation]
   930 | D:1      | 930 ||| DRINKING 2 cyan potions.
   931 | D:1      | 931 ||| DROPPING scroll of butterflies.
   932 | D:1      | 932 ||| DROPPING 3 scrolls of revelation.
   933 | D:1      | 933 ||| DROPPING 2 scrolls of vulnerability.
   934 | D:1      | 934 ||| DROPPING potion of magic.
   991 | D:2      | Reached skill level 7 in Ranged Weapons
  1144 | D:2      | Reached XP level 4. HP: 22/22 MP: 6/6
  1467 | D:2      | Found an opulent altar of Gozag.
  1821 | D:2      | 1821 ||| UPGRADING to +0 ring mail.
  1831 | D:2      | 1831 ||| DROPPING +0 leather armour.
  1832 | D:2      | 1832 ||| UPGRADING to +6 ring of dexterity.
  1833 | D:2      | 1833 ||| READING 2 scrolls labelled KILAUGG PIFO.
  1834 | D:2      | 1834 ||| READING scroll labelled ADATZO VOICK.
  1835 | D:2      | 1835 ||| DRINKING 2 emerald potions.
  1836 | D:2      | 1836 ||| READING 2 scrolls of identify.
  1836 | D:2      | 1836 ||| IDENTIFYING orange potion
  1837 | D:2      | 1837 ||| DROPPING potion of brilliance.
  1838 | D:2      | 1838 ||| DROPPING scroll of amnesia.
  2003 | D:3      | Noticed a water moccasin
  2010 | D:3      | Killed a water moccasin
  2011 | D:3      | Reached skill level 9 in Ranged Weapons
  2011 | D:3      | Reached XP level 5. HP: 23/26 MP: 7/7
  2495 | D:3      | 2495 ||| READING scroll labelled JEISOWI JEWA.
  2543 | D:3      | 2543 ||| READING 2 scrolls labelled USABOY ALOEHU.
  2548 | D:3      | 2548 ||| READING 2 scrolls of identify.
  2548 | D:3      | 2548 ||| IDENTIFYING metallic clear potion
  2575 | D:4      | 2575 ||| STAIRDANCE
  2580 | D:3      | HP: 5/26 [poisoned by a scorpion]
  2580 | D:3      | HP: 2/26 [scorpion (3)]
  2581 | D:3      | 2581 ||| READING scroll of teleportation.
  2581 | D:3      | Succumbed to a scorpion's poison

Levels and vault maps discovered:
D:1:      dpeg_arrival_short_road, layout_basic,
          shapermc_ecumenical_altar_flowoftime, minmay_misc_feat_enclosed
D:2:      layout_basic, basic_altar, minmay_quadrilaterals
D:3:      layout_loops_ring, minmay_ruptured
D:4:      layout_cave_pools, serial_column_ruins, column_ruins_pillar_7,
          column_ruins_pillar_3, column_ruins_pillar_6, column_ruins_pillar_2,
          column_ruins_pillar_6, column_ruins_pillar_1, column_ruins_pillar_3,
          column_ruins_pillar_11, column_ruins_pillar_9, column_ruins_pillar_2,
          column_ruins_pillar_8, column_ruins_pillar_2, column_ruins_pillar_6,
          column_ruins_pillar_9, column_ruins_pillar_1, column_ruins_pillar_1,
          column_ruins_pillar_1, column_ruins_pillar_2, kennysheep_small_spiral,
          minmay_stone_trees_medium, chequers_avenue, minivault_19,
          minmay_surrounded

Skill      XL: |  1  2  3  4 |
---------------+-------------+-----
Ranged Weapons | 6 7 9 |  9.1
Fighting       | |  1.5
Dodging        | |  2.6
Stealth        | |  1.2

Action                     |  1- 3 |  4- 6 || total
---------------------------+-------+-------++-------
   Fire: Shortbow          |   110 |    82 ||   192
    Use: Scroll            |     4 |     7 ||    11
         Potion            |     3 |     1 ||     4
 Armour: Leather armour    |     9 |     3 ||    12
         Ring mail         |       |     8 ||     8
  Dodge: Dodged            |    26 |    21 ||    47

Table legend:
 A = Non-vault XP
 B = Vault XP
 C = Vault XP percentage of total XP
 D = Non-vault monster count
 E = Vault monster count
 F = Vault count percentage of total count
                 A         B        C        D         E       F
            +---------+---------+-------+---------+---------+-------
      Total |     274 |      30 |   9.9 |      56 |      11 |  16.4
            +---------+---------+-------+---------+---------+-------
        D:1 |      48 |       0 |   0.0 |      27 |       0 |   0.0
        D:2 |      65 |      25 |  27.8 |      21 |       8 |  27.6
        D:3 |     161 |       5 |   3.0 |       8 |       3 |  27.3
            +---------+---------+-------+---------+---------+-------
